 Dungeon Crawl Stone Soup version 0.29-a0-317-gd16b76e6b1 (webtiles) character file.

Game seed: 17644645810671859564

3722 Gargoyl the Cleaver (level 10, -4/63 HPs)
             Began as a Gargoyle Abyssal Knight on Mar 25, 2022.
             Was an Elder of Lugonu.
             Slain by an orc warlord
             ... wielding a +0 war axe
              (17 damage)
             ... in a bailey on Mar 31, 2022.
             The game lasted 00:15:17 (9878 turns).

Gargoyl the Cleaver (Gargoyle Abyssal Knight)       Turns: 9878, Time: 00:15:18

Health: -4/63      AC: 24    Str: 22    XL:     10   Next: 14%
Magic:  11/11      EV: 13    Int: 12    God:    Lugonu [****..]
Gold:   234        SH:  0    Dex: 14    Spells: 9/9 levels left

rFire   . . .      SeeInvis .   d - +0 war axe (chaos)
rCold   . . .      Faith    .   (no shield)
rNeg    + . .      Spirit   .   D - +0 steam dragon scales
rPois   ∞          Reflect  .   (no helmet)
rElec   +          Harm     .   b - +2 cloak
rCorr   .          Rampage  .   (no gloves)
Will    .....                   p - +2 pair of boots
Stlth   ++........              (no amulet)
HPRegen 0.20/turn               e - +6 ring of strength
MPRegen 0.12/turn               u - +4 ring of protection

@: no status effects
A: sickness immunity, AC +7, negative energy resistance 1, electricity
resistance, torment resistance 1, petrification resistance
a: Renounce Religion, Depart the Abyss, Bend Space, Banish, Corrupt


You were in a bailey.
You worshipped Lugonu.
Lugonu was greatly pleased with you.
You visited 1 branch of the dungeon, and saw 8 of its levels.
You visited the Abyss 1 time.
You also visited: Bailey.

You collected 520 gold pieces.
You spent 286 gold pieces at shops.

Inventory:

Hand Weapons
 a - a +1 hand axe
 d - a +0 war axe of chaos (weapon)
 j - the +8 shortbow "Ygroyx" {flame, Str+4}
   (You found it on level 3 of the Dungeon)

   Any ammunition fired from it burns those it strikes, dealing additional fire
   damage.
   Str:       It affects your strength (+4).
Missiles
 c - 4 throwing nets
 v - 12 poisoned darts (quivered)
Armour
 b - a +2 cloak (worn)
 p - a +2 pair of boots (worn)
 D - +0 steam dragon scales (worn)
Jewellery
 e - a +6 ring of strength (left hand)
 l - a ring of positive energy
 u - a +4 ring of protection (right hand)
Wands
 n - a wand of flame (5)
 s - a wand of mindburst (5)
Scrolls
 m - 3 scrolls of acquirement
 r - 2 scrolls of teleportation
 y - a scroll of magic mapping {unknown}
 z - a scroll of brand weapon
 A - 2 scrolls of fear
 E - a scroll of enchant weapon {unknown}
Potions
 f - 2 potions of flight
 g - a potion of lignification
 h - 3 potions of haste
 i - 2 potions of resistance
 k - 2 potions of attraction
 o - 2 potions of heal wounds
 q - a potion of cancellation
 t - 3 potions of magic {unknown}
 w - a potion of brilliance {unknown}
 x - 3 potions of might
 B - 3 potions of curing
 C - 2 potions of mutation {unknown}


   Skills:
 + Level 7.2 Fighting
 + Level 9.2 Axes
 + Level 1.1 Throwing
 + Level 6.5 Armour
 + Level 4.5 Dodging
 + Level 2.7 Stealth
 + Level 2.3 Invocations


You had 9 spell levels left.
You didn't know any spells.
Your spell library contained the following spells:

 Spells                   Type           Power      Damage    Failure   Level
 Pain                     Necr           0%         1d4       32%         1
 Shock                    Conj/Air       0%         1d3       32%         1
 Swiftness                Air            0%         N/A       69%         3
 Airstrike                Air            0%         N/A       97%         4
 Agony                    Necr           0%         N/A       100%        5
 Excruciating Wounds      Necr           0%         N/A       100%        5


Dungeon Overview and Level Annotations

Branches:
Dungeon (8/15)             Temple (0/1) D:7          Bailey (1/1)
   Lair: D:8-11

Altars:
Ashenzari
Gozag
Nemelex Xobeh
Okawaru
Sif Muna
The Shining One

Shops:
D:3 :   D:7 !


Innate Abilities, Weirdness & Mutations

You are immune to sickness and miasma.
Your stone body is resilient. (AC +7)
You are immune to poison.
You resist negative energy. (rN+)
You are resistant to electric shocks. (rElec)
You are resistant to unholy torment.
You are immune to petrification.


Message History

The orc warlord closely misses you.
You hit the orc warlord. You burn the orc warlord.
The orc warlord is lightly wounded.
The orc warlord hits you but does no damage.
You hit the orc warlord but do no damage.
The orc warlord is lightly wounded.
The orc warlord looks more healthy.
The orc warlord hits you but does no damage.
You hit the orc warlord but do no damage.
The orc warlord is lightly wounded.
The orc warlord hits you but does no damage.
You completely miss the orc warlord.
The orc warlord is lightly wounded.
The orc warlord hits you but does no damage.
You barely miss the orc warlord.
The orc warlord is lightly wounded.
The orc warlord hits you but does no damage.
You hit the orc warlord.
The orc warlord is lightly wounded.
The orc warlord hits you with a +0 war axe!
You slash the orc warlord!
The orc warlord is poisoned.
The orc warlord is lightly wounded.
The orc warlord hits you with a +0 war axe!
You hit the orc warlord but do no damage.
The orc warlord is moderately wounded.
The orc warlord hits you with a +0 war axe!
You hit the orc warlord but do no damage.
The orc warlord suddenly seems more agile.
The orc warlord is moderately wounded.
The orc warlord hits you with a +0 war axe!
* * * LOW HITPOINT WARNING * * *
You hit the orc warlord. You drain the orc warlord.
Your punch misses the orc warlord.
The orc warlord is moderately wounded.
The orc warlord hits you but does no damage.
Unknown command.
You hit the orc warlord but do no damage.
The orc warlord is moderately wounded.
The orc warlord hits you with a +0 war axe!
You die...

...#≈).....≈#≈≈#.....##
...#g!........≈#.)..##
...##8.8...8.8≈##...#
....#.........≈≈'...#
....#....∩....≈≈'...#
....#.........≈('...#
..(##8.8...8.8≈##...#
...#≈?........≈#o...##
...#≈|.....≈#≈≈#@....##
...##≈≈≈#≈≈≈####......##
..))#########......8...#
.8....'.....'.)........#
......#≈≈≈≈≈#)(........#
......#≈≈≈≈≈#.).8..8..##
.8...##≈≈≈≈≈##.......##
....##.......##.....##
...##.........##...##


You could see an orc warlord (agile, poisoned, drained).

Vanquished Creatures
  Joseph (D:8)
  A yak (D:7)
  3 steam dragons (D:7)
  3 water moccasins
  An ice beast (shapeshifter) (D:8)
  3 orc warriors (Bailey)
  A black bear (D:7)
  2 sky beasts
  An ice beast (D:7)
  2 ogres
  3 centaurs (D:7)
  2 phantoms
  A kobold brigand (D:6)
  4 bullfrogs
  2 necrophages
  3 wights (D:6)
  3 hounds
  A jelly (D:3)
  A gnoll shaman (D:6)
  An orc priest (D:7)
  Jessica (D:2)
  2 iguanas
  3 orc wizards
  15 gnolls
  8 adders
  A shadow imp (D:8)
  A white imp (D:6)
  An ufetubus (D:7)
  3 worms
  3 dart slugs
  8 orcs
  8 ball pythons
  7 bats
  3 endoplasms
  4 giant cockroaches
  14 goblins
  5 hobgoblins
  5 jackals (D:1)
  12 kobolds
  7 quokkas
  5 frilled lizards
  11 rats
166 creatures vanquished.

Vanquished Creatures (collateral kills)
  A gnoll (D:6)
  A goblin (Bailey)
  A hobgoblin (Bailey)
  3 kobolds (Bailey)
6 creatures vanquished.

Vanquished Creatures (others)
  2 orc wizards
2 creatures vanquished.

Grand Total: 174 creatures vanquished

Notes
Turn   | Place    | Note
-------+----------+-------------------------------------------
     0 | Abyss:1  | Gargoyl the Gargoyle Abyssal Knight began the quest for the
                  | Orb.
     0 | Abyss:1  | Reached XP level 1. HP: 14/14 MP: 2/2
    37 | Abyss:1  | Found a corrupted altar of Lugonu.
    43 | Abyss:1  | Noticed a ynoxinul
    61 | D:1      | Escaped the Abyss
   314 | D:1      | Reached ** piety under Lugonu
   376 | D:1      | Reached XP level 2. HP: 9/19 MP: 3/3
   722 | D:1      | Reached skill level 2 in Axes
   909 | D:1      | Reached skill level 1 in Dodging
   909 | D:1      | Reached XP level 3. HP: 22/24 MP: 4/4
  2254 | D:2      | Reached XP level 4. HP: 29/29 MP: 5/5
  2618 | D:2      | Reached skill level 3 in Axes
  2940 | D:2      | Noticed Jessica
  2948 | D:2      | Killed Jessica
  2949 | D:2      | Reached skill level 1 in Stealth
  2949 | D:2      | Reached XP level 5. HP: 33/33 MP: 6/6
  3260 | D:3      | Reached *** piety under Lugonu
  3299 | D:3      | Identified the +8 shortbow "Ygroyx" {flame, Str+4}
  4123 | D:3      | Found Zirphixi's Book Shoppe.
  4376 | D:3      | Found a shimmering blue altar of Sif Muna.
  4560 | D:4      | Reached XP level 6. HP: 25/38 MP: 7/7
  4836 | D:4      | Reached skill level 4 in Axes
  4917 | D:4      | Found a glowing golden altar of the Shining One.
  5265 | D:4      | Found an opulent altar of Gozag.
  5595 | D:5      | Entered Level 5 of the Dungeon
  5624 | D:5      | Reached XP level 7. HP: 44/44 MP: 8/8
  5867 | D:5      | Reached skill level 5 in Axes
  6251 | D:5      | Reached skill level 5 in Armour
  6251 | D:5      | Reached XP level 8. HP: 40/48 MP: 9/9
  6606 | D:6      | Reached skill level 6 in Axes
  6778 | D:6      | Reached skill level 5 in Fighting
  6937 | D:6      | HP: 2/49 [something (7)]
  6940 | D:6      | Reached **** piety under Lugonu
  7350 | D:6      | Reached skill level 7 in Axes
  7687 | D:7      | Reached XP level 9. HP: 54/54 MP: 10/10
  7694 | D:7      | Found a broken altar of Ashenzari.
  7885 | D:7      | Found Rurysaq's Distillery.
  7949 | D:7      | Bought a potion of heal wounds for 65 gold pieces
  7949 | D:7      | Bought a potion of heal wounds for 65 gold pieces
  7949 | D:7      | Bought 2 potions of might for 104 gold pieces
  7949 | D:7      | Bought a potion of might for 52 gold pieces
  8094 | D:7      | Reached skill level 8 in Axes
  8348 | D:7      | Found an iron altar of Okawaru.
  8375 | D:7      | Found a staircase to the Ecumenical Temple.
  8856 | D:7      | Found a sparkling altar of Nemelex Xobeh.
  8919 | D:8      | Noticed Joseph
  9174 | D:8      | Killed Joseph
  9178 | D:8      | Upgraded the game from 0.29-a0-303-ge4682ce883 to
                  | 0.29-a0-317-gd16b76e6b1
  9459 | D:7      | Reached XP level 10. HP: 61/61 MP: 11/11
  9468 | D:8      | Reached skill level 9 in Axes
  9484 | D:8      | Found a flagged portal.
  9509 | D:8      | Reached skill level 1 in Throwing
  9517 | Bailey   | Entered a bailey
  9526 | Bailey   | Noticed an orc warlord
  9659 | Bailey   | Found a runed translucent gate.
  9662 | Bailey   | Found a runed translucent gate.
  9664 | Bailey   | Found a runed translucent gate.
  9878 | Bailey   | Slain by an orc warlord

Illustrated notes

Levels and vault maps discovered:
D:1:      minmay_arrival_four_circles, layout_loops_cross
D:2:      layout_basic, uniq_jessica
D:3:      layout_loops_corners, mainiacjoe_overflow_surrounded_room,
          serial_shops, shop, gup_sewer_entry_spiral
D:4:      layout_basic, tso_oasis_becter, lemuel_doored_altar
D:5:      layout_loops_ring
D:6:      layout_gridville, abandoned_shop
D:7:      layout_basic, nemelex_spade_bored_becter, overflow_temple_1_default,
          okawaru_trees_2, minmay_temple_entry_sparse_star, serial_shops, shop,
          st_stairs_10, minmay_circle_x
D:8:      lemuel_slime, layout_rooms, xom_redecorated, cheibriados_altar_1,
          enter_bailey_5, uniq_joseph, uniq_gastronok
Bailey:   bailey_axe_bossmonster_kennysheep, bailey

Skill      XL: |  1  2  3  4  5  6  7  8  9 10 |
---------------+-------------------------------+-----
Axes           | 2 3 4 5 7 8 9 |  9.2
Dodging        | 1 2 3 4 |  4.5
Fighting       | 4 5 6 7 |  7.2
Stealth        | 1 2 |  2.7
Armour         | 3 4 5 6 |  6.5
Throwing       | 1 |  1.1
Invocations    | |  2.3

Action                   |  1- 3 |  4- 6 |  7- 9 | 10-12 || total
-------------------------+-------+-------+-------+-------++-------
Melee: Hand axe          |   130 |   173 |    98 |       ||   401
       Punch             |       |     6 |     3 |       ||     9
       War axe           |       |       |   237 |    73 ||   310
Throw: Dart              |       |       |     8 |     1 ||     9
Invok: Depart the Abyss  |     1 |       |       |       ||     1
  Use: Scroll            |     2 |    10 |     6 |     2 ||    20
       Potion            |       |       |     2 |       ||     2
 Stab: Sleeping          |     1 |       |       |       ||     1
       Paralysed         |       |       |     1 |       ||     1
Armor: Leather armour    |    77 |     9 |       |       ||    86
       Ring mail         |       |    61 |   249 |       ||   310
       Steam dragon scal |       |       |    12 |    43 ||    55
Dodge: Dodged            |   113 |    84 |   221 |    36 ||   454

Table legend: (Time is in decaauts)
 A = Elapsed time spent in this place.
 B = Non-inter-level travel time spent in this place.
 C = Inter-level travel time spent in this place.
 D = Time resting spent in this place.
 E = Time spent auto-exploring this place.
 F = Levels seen in this place.
 G = Mean time per level.
                   A        B        C        D        E       F      G
               +--------+--------+--------+--------+--------+-----+--------+
         Total |  10010 |   9627 |    383 |    594 |   7101 |  10 | 1001.0 |
       Dungeon |   9581 |   9198 |    383 |    524 |   6903 |   8 | 1197.6 |
         Abyss |     61 |     61 |      0 |      0 |     41 |   1 |   61.0 |
        Bailey |    368 |    368 |      0 |     70 |    157 |   1 |  368.0 |
               +--------+--------+--------+--------+--------+-----+--------+

Top non-repeatable levels by time:
     D:1: 1916 daAuts
     D:3: 1519 daAuts
     D:7: 1490 daAuts
     D:6: 1129 daAuts
     D:4: 1097 daAuts
     D:2: 1088 daAuts
     D:5: 970 daAuts
     D:8: 369 daAuts
  Bailey: 368 daAuts
 Abyss:1: 61 daAuts
